 Dungeon Crawl Stone Soup version 0.30-a0-586-g23e55c9e0a (webtiles) character file.

Game seed: 7879019890706637352

58 tilp the Covered (level 4, -1/39 HPs)
             Began as a Meteoran Fighter on Jan 3, 2023.
             Killed by divine providence
             ... invoked by an orc priest
              (12 damage)
             ... on level 4 of the Dungeon.
             The game lasted 00:02:14 (399 turns).

tilp the Covered (Meteoran Fighter)                  Turns: 399, Time: 00:02:15

Health: -1/39      AC:  9    Str: 17    XL:     4   Next: 43%
Magic:  0/5        EV: 10    Int: 10    God:
Gold:   84         SH:  5    Dex: 15    Spells: 3/3 levels left

rFire   . . .      SeeInvis .    a - +0 long sword
rCold   . . .      Faith    .    c - +0 buckler
rNeg    . . .      Spirit   +    b - +0 scale mail
rPois   .          Reflect  .    (no helmet)
rElec   .          Harm     .    (no cloak)
rCorr   .          Rampage  .    k - +0 pair of gloves
Will    .....                    h - +0 pair of boots Stlth
                                 g - amulet of guardian spirit
HPRegen 0.26/turn                (no ring)
MPRegen 0.09/turn                (no ring)

@: mighty, glowing
A: sense surroundings 1, otherworldly, glowing, explore regen
a: no special abilities


You were on level 4 of the Dungeon.
You visited 1 branch of the dungeon, and saw 4 of its levels.

You collected 84 gold pieces.

Inventory:

Hand Weapons
 a - a +0 long sword (weapon)
 f - a +0 dagger
Armour
 b - a +0 scale mail (worn)
 c - a +0 buckler (worn)
 h - a +0 pair of boots (worn)
 k - a +0 pair of gloves (worn)
Jewellery
 g - an amulet of guardian spirit (around neck)
Scrolls
 e - a scroll of magic mapping {unknown}
 i - a scroll of vulnerability {unknown}
 j - a scroll of poison {unknown}


   Skills:
 + Level 3.6 Fighting
 + Level 2.8 Long Blades
 - Level 4.0 Armour
 * Level 2.3 Dodging
 + Level 0.8 Stealth
 - Level 4.0 Shields


You had 3 spell levels left.
You didn't know any spells.
Your spell library was empty.

Dungeon Overview and Level Annotations

Branches:
Dungeon (4/15) Zot: 1979
 Temple: D:4-7

Altars:
Ashenzari


Innate Abilities, Weirdness & Mutations

You passively map a small area around you.
You are easily found by Zot.
You glow in the dark.
You regain HP and MP as you explore.


Message History

You have reached level 4!
There is a stone staircase leading down here.
You climb downwards.
HP restored.
There is a stone staircase leading up here.
Unknown command.
Found a trident.
Found a dagger.
Found a glaive.
You see here a +0 trident.
An orc priest and an orc come into view.
The orc priest shouts!
You hear a shout!
An orc priest comes into view. It is wielding a +0 club.
The orc priest moves out of view.
An orc comes into view. It is wielding a +0 club.
The orc priest calls down the wrath of Beogh upon you.
Beogh smites you!
You feel very mighty all of a sudden.
You hit the orc.
The orc is almost dead.
The orc hits you with a +0 dagger.
You closely miss the orc.
The orc is almost dead.
The orc hits you but does no damage.
The orc priest calls down the wrath of Beogh upon you.
Beogh smites you!
You hit the orc.
You kill the orc!
You barely miss the orc priest.
The orc priest mumbles some strange prayers to Beogh against you.
Pain shoots through your body!
* * * LOW HITPOINT WARNING * * *
The orc priest begins to cast a cantrip, but forgets the words!
You closely miss the orc priest.
The orc priest calls down the wrath of Beogh upon you.
You struggle to resist.
You closely miss the orc priest.
The orc priest hits you but does no damage.
The orc priest calls down the wrath of Beogh upon you.
Beogh smites you!
You die...

###...........# ,*
##.............
###............##.
####...............#
#.....)..##.........
#####..#..##........
#.###...)##..## ##.#
#..### ... *
##.@###..#
#..o#...## ####o...#
, ###o.## #...#
##.o##..#** *
#......# , #.#......
*, .#.....#.


You could see 2 orc priests.

Vanquished Creatures
  A jelly (D:3)
  A dart slug (D:2)
  2 orcs
  3 endoplasms
  3 giant cockroaches
  A goblin (D:1)
  3 hobgoblins
  3 ball pythons
  2 bats
  A frilled lizard (D:3)
  3 rats
23 creatures vanquished.

Vanquished Creatures (others)
  4 plants (D:3)
4 creatures vanquished.

Grand Total: 27 creatures vanquished

Notes
Turn   | Place    | Note
-------+----------+-------------------------------------------
     0 | D:1      | tilp the Meteoran Fighter began the quest for the Orb.
     0 | D:1      | Reached XP level 1. HP: 19/19 MP: 2/2
    53 | D:1      | Reached XP level 2. HP: 26/26 MP: 3/3
   115 | D:2      | Reached skill level 1 in Dodging
   178 | D:2      | Reached XP level 3. HP: 31/31 MP: 4/4
   227 | D:3      | Found a broken altar of Ashenzari.
   362 | D:3      | Reached XP level 4. HP: 31/38 MP: 5/5
   399 | D:4      | Killed from afar by an orc priest

Illustrated notes

Levels and vault maps discovered:
D:1:      eino_arrival_tree_alley, layout_basic,
          hellmonk_ecumenical_altar_pennies_from_heaven
D:2:      kennysheep_six_static_rooms, layout_basic, serial_forest,
          infiniplex_forest_end_2, infiniplex_forest_clump_curved,
          infiniplex_forest_end_2, infiniplex_forest_clump_cross,
          infiniplex_forest_zigzag_2, infiniplex_forest_fountain,
          nicolae_concentric_dashed_squares_wild, minmay_tromino_mix6
D:3:      cheibrodos_old_hovel, layout_loops_ring,
          mainiacjoe_overflow_surrounded_room, serial_glass, glass_columns_c,
          glass_columns_b, glass_columns_b, glass_columns_b, glass_columns_a,
          saegor_snake_ambush
D:4:      layout_layer_cave, nicolae_grassy_gnolls

Skill      XL: |  1  2  3 |
---------------+----------+-----
Dodging        | 1 2 |  2.3
Armour         | 4 |  4.0
Shields        | 4 |  4.0
Fighting       | |  3.6
Long Blades    | |  2.8
Stealth        | |  0.8

Action                   |  1- 3 |  4- 6 || total
-------------------------+-------+-------++-------
Melee: Long sword        |    62 |     6 ||    68
  Use: Potion            |       |     1 ||     1
Armor: Scale mail        |    37 |     2 ||    39
Dodge: Dodged            |    22 |       ||    22
Block: Buckler           |    28 |       ||    28

Table legend: (Time is in decaauts)
 A = Elapsed time spent in this place.
 B = Non-inter-level travel time spent in this place.
 C = Inter-level travel time spent in this place.
 D = Time resting spent in this place.
 E = Time spent auto-exploring this place.
 F = Levels seen in this place.
 G = Mean time per level.
                   A        B        C        D        E       F      G
               +--------+--------+--------+--------+--------+-----+--------+
         Total |    419 |    402 |     17 |      0 |      0 |   4 |  104.8 |
       Dungeon |    419 |    402 |     17 |      0 |      0 |   4 |  104.8 |
               +--------+--------+--------+--------+--------+-----+--------+

Top non-repeatable levels by time:
     D:3: 156 daAuts
     D:2: 137 daAuts
     D:1: 88 daAuts
     D:4: 36 daAuts
